MLB
SAN FRANCISCO GIANTS @ CINCINNATI REDS
02/26/2044
 
TOP OF THE 1ST
San Francisco Giants batting - Pitching for Cincinnati Reds : LHP Jeff Baker
Pitching: LHP Jeff Baker
Batting: RHB Jason May 0-0: Foul Ball, location: 2F
0-1: Foul Ball, location: 2F
0-2: Ball
1-2: Ball
2-2: SINGLE (Flyball, 4D, EV 91.9 MPH)
Batting: RHB Nick Rigden 0-0: Ball
1-0: Foul Ball, location: 2F
1-1: Ball
Jason May is caught stealing 2nd base 2-4
2-1: Fly out, F8 (Flyball, 8LM, EV 97.5 MPH)
Batting: RHB Sean Zielinski 0-0: Ball
1-0: Foul Ball, location: 2F
1-1: Called Strike
1-2: Foul Ball, location: 2F
1-2: SOLO HOME RUN (Flyball, 9D, EV 97.5 MPH), Distance : 384 ft
Batting: LHB Jack Henningar 0-0: Ball
1-0: Foul Ball, location: 2F
1-1: Fly out, F7 (Flyball, 7LM, EV 97.5 MPH)
Top of the 1st over - 1 run, 2 hits, 0 errors, 0 left on base; San Francisco 1 - Cincinnati 0
BOTTOM OF THE 1ST
Cincinnati Reds batting - Pitching for San Francisco Giants : RHP Keith Kidd
Pitching: RHP Keith Kidd
Batting: LHB Satoru Handa 0-0: Ball
1-0: Foul Ball, location: 2F
1-1: Fly out, F7 (Flyball, 7S, EV 73.8 MPH)
Batting: LHB Sean Geisler 0-0: Ball
1-0: Ball
2-0: Called Strike
2-1: Called Strike
2-2: Foul Ball, location: 2F
2-2: Strikes out swinging
Batting: LHB Jake Bill 0-0: Called Strike
0-1: Ball
1-1: Ground out U3 (Groundball, 34, EV 87.5 MPH)
Bottom of the 1st over - 0 runs, 0 hits, 0 errors, 0 left on base; San Francisco 1 - Cincinnati 0
TOP OF THE 2ND
San Francisco Giants batting - Pitching for Cincinnati Reds : LHP Jeff Baker
Batting: RHB Jim Zucco 0-0: Called Strike
0-1: Fly out, F8 (Flyball, 8LM, EV 94.4 MPH)
Batting: LHB Willis Robles 0-0: Called Strike
0-1: Ball
1-1: Swinging Strike
1-2: Ball
2-2: Fly out, F4 (Popup, 34D, EV 71.9 MPH)
Batting: RHB Ray Llewellyn 0-0: Called Strike
0-1: Ball
1-1: SOLO HOME RUN (Flyball, 7D, EV 106.9 MPH), Distance : 403 ft
Batting: RHB Henri Cederberg 0-0: Ground out U3 (Groundball, 3L, EV 83.8 MPH)
Top of the 2nd over - 1 run, 1 hit, 0 errors, 0 left on base; San Francisco 2 - Cincinnati 0
BOTTOM OF THE 2ND
Cincinnati Reds batting - Pitching for San Francisco Giants : RHP Keith Kidd
Batting: LHB Jesus Lozano 0-0: Ball
1-0: Foul Ball, location: 2F
1-1: SOLO HOME RUN (Flyball, 9LD, EV 97.5 MPH), Distance : 336 ft
Batting: LHB Jon Ledesma 0-0: Ball
1-0: Called Strike
1-1: Ball
2-1: Ball
3-1: Swinging Strike
3-2: SINGLE (Line Drive, 4D, EV 98.1 MPH)
Batting: LHB Shawn Morrison 0-0: Ball
1-0: Ball
2-0: Called Strike
2-1: Called Strike
2-2: Strikes out swinging
Batting: SHB Dave Barefoot 0-0: Ball
1-0: Called Strike
1-1: 2-RUN HOME RUN (Flyball, 7D, EV 106.3 MPH), Distance : 409 ft
Batting: RHB Willie Lazcano 0-0: Called Strike
0-1: Ball
1-1: Swinging Strike
1-2: Strikes out swinging
Batting: LHB Andy Arbuckle 0-0: Ball
1-0: Ball
2-0: Ball
3-0: Base on Balls
Batting: LHB Satoru Handa 0-0: Ball
1-0: Foul Ball, location: 2F
1-1: Ball
2-1: Ball
3-1: SINGLE (Groundball, 6MS, EV 73.1 MPH) (infield hit)
Andy Arbuckle to second
Batting: LHB Sean Geisler 0-0: Called Strike
0-1: Ball
1-1: Ball
2-1: Ball
3-1: Base on Balls
Andy Arbuckle to third
Satoru Handa to second
Batting: LHB Jake Bill 0-0: Ball
1-0: Ball
2-0: Swinging Strike
2-1: Swinging Strike
2-2: Strikes out looking
Bottom of the 2nd over - 3 runs, 4 hits, 0 errors, 3 left on base; San Francisco 2 - Cincinnati 3
TOP OF THE 3RD
San Francisco Giants batting - Pitching for Cincinnati Reds : LHP Jeff Baker
Batting: RHB Xavier Castellanos 0-0: Ground out 4-3 (Groundball, 4, EV 87.5 MPH)
Batting: RHB Jason May 0-0: Called Strike
0-1: Foul Ball, location: 2F
0-2: Foul Ball, location: 2F
0-2: Ground out 4-3 (Groundball, 4, EV 86.3 MPH)
Batting: RHB Nick Rigden 0-0: Ball
1-0: Called Strike
1-1: Foul Ball, location: 2F
1-2: Ball
2-2: Strikes out swinging
Top of the 3rd over - 0 runs, 0 hits, 0 errors, 0 left on base; San Francisco 2 - Cincinnati 3
BOTTOM OF THE 3RD
Cincinnati Reds batting - Pitching for San Francisco Giants : RHP Keith Kidd
Batting: LHB Jesus Lozano 0-0: Ball
1-0: Ball
2-0: SOLO HOME RUN (Flyball, 7LD, EV 97.5 MPH), Distance : 371 ft
Batting: LHB Jon Ledesma 0-0: Ball
1-0: Called Strike
1-1: Called Strike
1-2: Foul Ball, location: 2F
1-2: Fly out, F9 (Flyball, 9, EV 87.5 MPH)
Batting: LHB Shawn Morrison 0-0: Called Strike
0-1: Called Strike
0-2: Foul Ball, location: 2F
0-2: Fly out, F8 (Line Drive, 8RD, EV 95.0 MPH)
Batting: SHB Dave Barefoot 0-0: Foul Ball, location: 2F
0-1: Foul Ball, location: 2F
0-2: Strikes out swinging
Bottom of the 3rd over - 1 run, 1 hit, 0 errors, 0 left on base; San Francisco 2 - Cincinnati 4
TOP OF THE 4TH
San Francisco Giants batting - Pitching for Cincinnati Reds : LHP Jeff Baker
Batting: RHB Sean Zielinski 0-0: Ball
1-0: Foul Ball, location: 2F
1-1: Ball
2-1: SINGLE (Line Drive, 6D, EV 96.9 MPH)
Batting: LHB Jack Henningar 0-0: Ball
1-0: Ball
2-0: Called Strike
2-1: Fly out, F8 (Flyball, 8RM, EV 85.6 MPH)
Batting: RHB Jim Zucco 0-0: Ball
Sean Zielinski steals 2nd base
1-0: Fly out, F8 (Flyball, 8LXD, EV 85.6 MPH)
Runner from 2nd tags up, SAFE at 3rd, no throw by CF
Batting: LHB Willis Robles 0-0: Foul Ball, location: 2F
0-1: Foul Ball, location: 2F
0-2: Ball
1-2: Ball
2-2: Fly out, F2 (Popup, 3SF, EV 76.3 MPH)
Top of the 4th over - 0 runs, 1 hit, 0 errors, 1 left on base; San Francisco 2 - Cincinnati 4
BOTTOM OF THE 4TH
Cincinnati Reds batting - Pitching for San Francisco Giants : RHP Keith Kidd
Batting: RHB Willie Lazcano 0-0: Foul Ball, location: 2F
0-1: Called Strike
0-2: Ball
1-2: Ball
2-2: Ball
3-2: Base on Balls
Batting: LHB Andy Arbuckle 0-0: Ball
1-0: Ball
2-0: Ball
3-0: Called Strike
3-1: DOUBLE (Flyball, 8LXD, EV 108.1 MPH)
Willie Lazcano to third
Batting: LHB Satoru Handa 0-0: Ball
1-0: Foul Ball, location: 2F
1-1: Ball
2-1: Ball
3-1: Foul Ball, location: 2F
3-2: Foul Ball, location: 2F
3-2: Base on Balls
Batting: LHB Sean Geisler 0-0: Ball
1-0: Ball
2-0: Ball
3-0: Base on Balls
Willie Lazcano scores
Andy Arbuckle to third
Satoru Handa to second
Pitching: RHP Roberto Duron
Batting: LHB Jake Bill 0-0: Grounds into double play, 3-6-3 (Groundball, 3, EV 104.4 MPH)
Andy Arbuckle scores
Satoru Handa to third
Batting: LHB Jesus Lozano 0-0: Ball
1-0: Called Strike
1-1: Foul Ball, location: 2F
1-2: Ball
2-2: Strikes out swinging
Bottom of the 4th over - 2 runs, 1 hit, 0 errors, 1 left on base; San Francisco 2 - Cincinnati 6
TOP OF THE 5TH
San Francisco Giants batting - Pitching for Cincinnati Reds : LHP Jeff Baker
Pitching: RHP Marshall Barron
Batting: RHB Ray Llewellyn 0-0: Foul Ball, location: 2F
0-1: Foul Ball, location: 2F
0-2: Ball
1-2: Ground out 5-3 (Groundball, 56S, EV 84.4 MPH)
Batting: RHB Henri Cederberg 0-0: Fly out, F7 (Line Drive, 7, EV 91.9 MPH)
Batting: RHB Xavier Castellanos 0-0: Called Strike
0-1: Foul Ball, location: 2F
0-2: Strikes out swinging
Top of the 5th over - 0 runs, 0 hits, 0 errors, 0 left on base; San Francisco 2 - Cincinnati 6
BOTTOM OF THE 5TH
Cincinnati Reds batting - Pitching for San Francisco Giants : RHP Roberto Duron
Batting: LHB Jon Ledesma 0-0: Called Strike
0-1: Called Strike
0-2: Ball
1-2: Ball
2-2: Foul Ball, location: 2F
2-2: SINGLE (Groundball, 56, EV 98.1 MPH)
Batting: LHB Shawn Morrison 0-0: Called Strike
0-1: Ball
1-1: Swinging Strike
1-2: Strikes out looking
Batting: SHB Dave Barefoot 0-0: Ball
1-0: Ball
2-0: Ball
3-0: Called Strike
3-1: Grounds into double play, 6-4-3 (Groundball, 6, EV 88.8 MPH)
Bottom of the 5th over - 0 runs, 1 hit, 0 errors, 0 left on base; San Francisco 2 - Cincinnati 6
TOP OF THE 6TH
San Francisco Giants batting - Pitching for Cincinnati Reds : RHP Marshall Barron
Batting: RHB Jason May 0-0: Ball
1-0: Called Strike
1-1: Ball
2-1: SINGLE (Groundball, 56D, EV 103.1 MPH)
Batting: RHB Nick Rigden 0-0: Called Strike
0-1: Ball
1-1: Fielders Choice at 2nd, 6-4 (Groundball, 6S, EV 82.5 MPH)
Batting: RHB Sean Zielinski 0-0: Ball
Nick Rigden steals 2nd base
1-0: Ball
2-0: Called Strike
2-1: Ground out 6-3 (Groundball, 6, EV 86.3 MPH)
Nick Rigden to third
Batting: LHB Jack Henningar 0-0: Ball
Wild Pitch!
Nick Rigden scores
1-0: Swinging Strike
1-1: Foul Ball, location: 2F
1-2: Ground out 6-3 (Groundball, 4M, EV 101.3 MPH)
Top of the 6th over - 1 run, 1 hit, 0 errors, 0 left on base; San Francisco 3 - Cincinnati 6
BOTTOM OF THE 6TH
Cincinnati Reds batting - Pitching for San Francisco Giants : RHP Roberto Duron
Batting: RHB Willie Lazcano 0-0: Foul Ball, location: 2F
0-1: Foul Ball, location: 2F
0-2: Foul Ball, location: 2F
0-2: Ground out 6-3 (Groundball, 6, EV 95.0 MPH)
Batting: LHB Andy Arbuckle 0-0: Called Strike
0-1: Ball
1-1: Ground out 6-3 (Groundball, 6, EV 83.8 MPH)
Pitching: LHP Adam Ody
Pinch Hitting: RHB Ricky Carbajal 0-0: Ball
1-0: Called Strike
1-1: Ball
2-1: Fly out, F3 (Line Drive, 3, EV 71.3 MPH)
Bottom of the 6th over - 0 runs, 0 hits, 0 errors, 0 left on base; San Francisco 3 - Cincinnati 6
TOP OF THE 7TH
San Francisco Giants batting - Pitching for Cincinnati Reds : RHP Marshall Barron
Now in LF: Ricky Carbajal
Batting: RHB Jim Zucco 0-0: Ground out 5-3 (Groundball, 56S, EV 77.5 MPH)
Batting: LHB Willis Robles 0-0: Called Strike
0-1: Foul Ball, location: 2F
0-2: Ball
1-2: Foul Ball, location: 2F
1-2: Ground out 6-3 (Groundball, 4, EV 81.3 MPH)
Batting: RHB Ray Llewellyn 0-0: Fly out, F8 (Flyball, 8LD, EV 100.6 MPH)
Top of the 7th over - 0 runs, 0 hits, 0 errors, 0 left on base; San Francisco 3 - Cincinnati 6
BOTTOM OF THE 7TH
Cincinnati Reds batting - Pitching for San Francisco Giants : LHP Adam Ody
Pinch Hitting: SHB Saulo Maina 0-0: Fly out, F4 (Flyball, 4MD, EV 90.6 MPH)
Batting: LHB Matt Sigurdson 0-0: Ball
1-0: Called Strike
1-1: Swinging Strike
1-2: Ball
2-2: Foul Ball, location: 2F
2-2: DOUBLE (Flyball, 89D, EV 97.5 MPH)
Pinch Hitting: RHB Tom Beckman 0-0: Ball
1-0: Swinging Strike
1-1: Swinging Strike
1-2: Ball
2-2: Ball
3-2: Base on Balls
Pinch Hitting: RHB Willie Cardamone 0-0: Called Strike
0-1: Foul Ball, location: 2F
0-2: 3-RUN HOME RUN (Flyball, 89XD, EV 105.0 MPH), Distance : 413 ft
Pitching: RHP Tim Rymut
Pinch Hitting: RHB Solange Le Coq 0-0: Ball
1-0: Ball
2-0: Called Strike
2-1: Swinging Strike
2-2: Foul Ball, location: 2F
2-2: Foul Ball, location: 2F
2-2: Foul Ball, location: 2F
2-2: Ball
3-2: Ground out 6-3 (Groundball, 56, EV 93.8 MPH)
Pinch Hitting: RHB Casey Truax 0-0: Called Strike
0-1: Ball
1-1: Ball
2-1: Foul Ball, location: 2F
2-2: Foul Ball, location: 2F
2-2: Strikes out swinging
Bottom of the 7th over - 3 runs, 2 hits, 0 errors, 0 left on base; San Francisco 3 - Cincinnati 9
TOP OF THE 8TH
San Francisco Giants batting - Pitching for Cincinnati Reds : RHP Marshall Barron
Now at 1B: Tom Beckman
Now at 2B: Saulo Maina
Now at SS: Casey Truax
Now in CF: Willie Cardamone
Now in RF: Solange Le Coq
Batting: RHB Henri Cederberg 0-0: Ground out 6-3 (Groundball, 6, EV 79.4 MPH)
Batting: RHB Xavier Castellanos 0-0: Ball
1-0: Called Strike
1-1: Foul Ball, location: 2F
1-2: Foul Ball, location: 2F
1-2: SINGLE (Line Drive, 78S, EV 100.6 MPH)
Pinch Hitting: RHB Quintin Parker 0-0: Ball
1-0: Foul Ball, location: 2F
1-1: Ball
2-1: DOUBLE (Line Drive, 89M, EV 99.4 MPH)
Xavier Castellanos to third
Runner from 3rd tries for Home, SAFE, throw by RF to home
Pinch Hitting: RHB Martin Guerrero 0-0: Ball
1-0: Fly out, F7 (Flyball, 7S, EV 91.3 MPH)
Pinch Hitting: RHB Tyler Mapes 0-0: Called Strike
0-1: Ball
1-1: Ball
2-1: Called Strike
2-2: Foul Ball, location: 2F
2-2: Ball
3-2: Strikes out swinging
Top of the 8th over - 1 run, 2 hits, 0 errors, 1 left on base; San Francisco 4 - Cincinnati 9
BOTTOM OF THE 8TH
Cincinnati Reds batting - Pitching for San Francisco Giants : RHP Tim Rymut
Now at 1B: Ken Welch
Now at 3B: Tyler Mapes
Now in CF: Martin Guerrero
Batting: RHB Willie Lazcano 0-0: Ball
1-0: Ball
2-0: Ball
3-0: Called Strike
3-1: Base on Balls
Batting: LHB Andy Arbuckle 0-0: Called Strike
Willie Lazcano steals 2nd base
0-1: Ball
1-1: Ground out 6-3 (Groundball, 4M, EV 100.6 MPH)
Willie Lazcano to third
Batting: RHB Ricky Carbajal 0-0: Called Strike
0-1: Ball
1-1: Swinging Strike
1-2: SINGLE (Groundball, 56D, EV 98.1 MPH)
Willie Lazcano scores
Batting: SHB Saulo Maina 0-0: Called Strike
Ricky Carbajal steals 2nd base
0-1: Fly out, F3 (Flyball, 3D, EV 87.5 MPH)
Batting: LHB Matt Sigurdson 0-0: Ball
1-0: Called Strike
1-1: Swinging Strike
1-2: Strikes out looking
Bottom of the 8th over - 1 run, 1 hit, 0 errors, 1 left on base; San Francisco 4 - Cincinnati 10
TOP OF THE 9TH
San Francisco Giants batting - Pitching for Cincinnati Reds : RHP Marshall Barron
Batting: RHB Jason Gress 0-0: Ball
1-0: Swinging Strike
1-1: Ground out 4-3 (Groundball, 4, EV 81.9 MPH)
Pinch Hitting: RHB Nate Hodson 0-0: Ball
1-0: Ground out U3 (Groundball, 34, EV 108.8 MPH)
Pinch Hitting: RHB Hugo Zacarias 0-0: Foul Ball, location: 2F
0-1: Ball
1-1: Ball
2-1: Swinging Strike
2-2: Foul Ball, location: 2F
2-2: Strikes out swinging
Top of the 9th over - 0 runs, 0 hits, 0 errors, 0 left on base; San Francisco 4 - Cincinnati 10
Thursday, March 31st , 2022 - OOTP Baseball 22.12 Build 89